 Dungeon Crawl Stone Soup version 0.18-a0-917-g8a3da5b (webtiles) character file.

198 4thArraOfDagon the Slasher (level 5, -2/45 HPs)
             Began as a Centaur Warper on Dec 26, 2015.
             Was an Initiate of Gozag.
             Slain by a killer bee (8 damage)
             ... on level 7 of the Dungeon.
             The game lasted 00:11:24 (2299 turns).

4thArraOfDagon the Slasher (Centaur Warper)         Turns: 2299, Time: 00:11:25

Health: -2/45      AC:  5    Str: 19    XL:     5   Next: 47%
Magic:  7/7        EV:  9    Int: 17    God:    Gozag
Gold:   121        SH:  0    Dex:  9    Spells: 3 memorised, 0 levels left

rFire  . . .     SeeInvis .     w - +2 falchion of Contradiction {holy, +Inv rC- Int+5}
rCold  x . .     Gourm    .     b - +0 leather armour
rNeg   . . .     Faith    .     (no shield)
rPois  +         Spirit   .     (no helmet)
rElec  .         Dismiss  .     m - +0 cloak
rCorr  .         Reflect  .     (no gloves)
SustAt .         Harm     .     (no barding)
MR     .....                    (no amulet)
Stlth  ..........               (no ring)
                                B - ring of poison resistance

@: mighty, lethally poisoned (-2 -> -3), very quick, not resistant to hostile
enchantments, extremely unstealthy
A: hooves 3, deformed body, speed 2, tough skin 3
a: Potion Petition, Call Merchant, Bribe Branch, Renounce Religion, Evoke
Invisibility


You were on level 7 of the Dungeon.
You worshipped Gozag.
Gozag was noncommittal.
You were not hungry.

You visited 1 branch of the dungeon, and saw 7 of its levels.

You collected 319 gold pieces.
You spent 185 gold pieces at shops.
You paid 13 gold pieces to Gozag.

Inventory:

Hand Weapons
 a - a +0 falchion
 o - a +1 dagger of flaming
 s - a +0 long sword
 u - a +2 dagger of flaming
 w - the +2 falchion of Contradiction (weapon) {holy, +Inv rC- Int+5}
   (You found it on level 4 of the Dungeon)

   It has been blessed by the Shining One to cause great damage to the undead
   and demons.
   It affects your intelligence (+5).
   It makes you vulnerable to cold.
   It lets you turn invisible.
Missiles
 n - 4 curare-tipped needles
 G - 7 javelins (quivered)
Armour
 b - a +0 leather armour (worn)
 m - a +0 cloak (worn)
Jewellery
 x - an uncursed ring of ice
 B - a ring of poison resistance (left hand)
Scrolls
 d - a scroll of blinking
 h - 2 scrolls of enchant weapon
 j - 3 scrolls of identify
 k - 2 scrolls of noise
 p - a scroll of random uselessness {unknown}
 q - 3 scrolls of immolation {unknown}
 r - 2 scrolls of fear {unknown}
 t - 2 scrolls of amnesia {unknown}
 v - a scroll of enchant armour {unknown}
 y - 3 scrolls of remove curse {unknown}
 z - a scroll of teleportation
 C - a scroll of magic mapping {unknown}
 D - a scroll of brand weapon
Potions
 A - a potion of might
 E - 2 potions of heal wounds
 F - a potion of cure mutation
Books
 c - a book of Spatial Translocations

   Spells                             Type                      Level
   a - Apportation                    Translocation                1
   b - Blink                          Translocation                2
   c - Shroud of Golubria             Charms/Translocation         2
   d - Portal Projectile              Translocation                3
   e - Teleport Other                 Translocation                3
   f - Passage of Golubria            Translocation                4
 l - a book of the Tempests

   Spells                             Type                      Level
   a - Static Discharge               Conjuration/Air              3
   b - Lightning Bolt                 Conjuration/Air              5
   c - Fireball                       Conjuration/Fire             5
   d - Tornado                        Air                          9
   e - Shatter                        Earth                        9
Comestibles
 f - 3 bread rations
 g - a slice of pizza
 i - a meat ration


   Skills:
 + Level 3.0 Fighting
 * Level 3.9 Long Blades
 - Level 1.1 Throwing
 + Level 1.6 Armour
 + Level 2.0 Dodging
 - Level 1.5 Spellcasting
 - Level 2.6 Translocations


You couldn't memorise any spells.
You knew the following spells:

 Your Spells              Type           Power        Failure   Level  Hunger
a - Apportation           Tloc           ##........   10%         1    ##.....
b - Blink                 Tloc           N/A          14%         2    ###....
c - Passage of Golubria   Tloc           N/A          80%         4    #####..


Dungeon Overview and Level Annotations

Branches:
Dungeon (7/15)             Temple (0/1) D:7

Altars:
Ashenzari
Dithmenos
Gozag
Makhleb
Nemelex Xobeh
Pakellas
Vehumet

Shops:
D:4 *

Annotations:
D:3 Anouleth's ghost, amateur HOFi
D:5 Pikel


Innate Abilities, Weirdness & Mutations

You have hooves in place of feet.
Armour fits poorly on your strangely shaped body.
You cover ground very quickly.
You have extremely tough skin (AC +3).


Message History

Aim: a killer bee You throw a tomahawk of dispersal.
The tomahawk of dispersal closely misses the killer bee.
You feel sick.
The killer bee stings you but does no damage. x2
Throwing (i - inventory. (,) - cycle):
e - a tomahawk of dispersal (quivered)
Press: ? - help, Shift-Dir - straight line, f/p - killer bee
Aim: a killer bee You throw a tomahawk of dispersal.
The tomahawk of dispersal misses the killer bee.
The killer bee misses you.
The killer bee stings you but does no damage.
Unknown command.
Drink which item? (? for menu, Esc to quit)
You feel very mighty all of a sudden. The killer bee stings you.
* * * LOW HITPOINT WARNING * * *
The killer bee stings you!
You die...
Your body crumbles into a pile of gold.

#. . #.# #.....# ...#... #. .
#####.##########
...#..####.#+#. ..#........#
...#..........####.#.#.####.#
.).#..# #.......#.#.#....#.#
...... #.......#.#......#.#
.#.#.# #.........########.#
.#.#.#####....#.............#
................@.###########
...#.#..........y...[..#
...#.#.#####..[........#
...#.#.# #...........#
#...(#.#####...........#
#.####.....#...........#
#+####.....#...........#
.....#.............###.########
...................# #........#


You could see a killer bee.

Vanquished Creatures
  A scorpion (D:4)
  A worker ant (D:4)
  2 centaur skeletons (D:7)
  2 adders
  A shadow imp (D:5)
  2 oozes
  A worm (D:2)
  3 giant geckos
  2 orcs
  A giant cockroach (D:3)
  2 hobgoblins (D:3)
  4 kobolds
  3 quokkas
  A bat (D:1)
  5 goblins
  A jackal skeleton (D:5)
  A jackal zombie (D:5)
  5 rats
38 creatures vanquished.

Notes
Turn   | Place    | Note
--------------------------------------------------------------
     0 | D:1      | 4thArraOfDagon the Centaur Warper began the quest for the Orb.
     0 | D:1      | Reached XP level 1. HP: 17/17 MP: 3/3
    77 | D:1      | Reached XP level 2. HP: 15/24 MP: 4/4
    86 | D:1      | Learned a level 2 spell: Blink
   161 | D:2      | Found an opulent altar of Gozag.
   204 | D:2      | Became a worshipper of Gozag Ym Sagoz the Greedy
   338 | D:2      | Reached skill level 1 in Armour
   539 | D:3      | Found a shadowy altar of Dithmenos.
   552 | D:3      | Found a sparkling altar of Nemelex Xobeh.
   581 | D:3      | Reached XP level 3. HP: 19/30 MP: 5/5
   621 | D:3      | Noticed Anouleth's ghost (amateur HOFi)
   714 | D:2      | Found a burning altar of Makhleb.
  1159 | D:4      | Got a steaming falchion
  1160 | D:4      | Identified the +2 falchion of Contradiction {holy, +Inv rC- Int+5} (You found it on level 4 of the Dungeon)
  1205 | D:4      | Found a radiant altar of Vehumet.
  1220 | D:4      | Noticed a scorpion
  1288 | D:4      | Killed a scorpion
  1288 | D:4      | Reached skill level 3 in Long Blades
  1288 | D:4      | Reached XP level 4. HP: 6/37 MP: 6/6
  1350 | D:4      | Found Zumuniupn's General Store.
  1353 | D:4      | Bought a scroll of enchant weapon for 75 gold pieces
  1353 | D:4      | Bought a scroll of teleportation for 30 gold pieces
  1353 | D:4      | Bought a potion of might for 40 gold pieces
  1353 | D:4      | Bought a scroll of identify for 20 gold pieces
  1353 | D:4      | Bought a scroll of identify for 20 gold pieces
  1463 | D:4      | Kolbur: hey
  1474 | D:4      | 4thArraOfDagon: hi
  1533 | D:4      | Kolbur: i did snake, shoals and slime without mr item ^^
  1561 | D:4      | Noticed an ogre
  1584 | D:4      | 4thArraOfDagon: you dont need mr with statue form
  1584 | D:4      | 4thArraOfDagon: so yeah good job
  1655 | D:5      | Entered Level 5 of the Dungeon
  1659 | D:5      | Reached XP level 5. HP: 21/44 MP: 7/7
  1680 | D:5      | Found a shattered altar of Ashenzari.
  1707 | D:5      | Kolbur: well slime is pretty scary without mr
  1730 | D:5      | Noticed a phantom
  1831 | D:6      | 4thArraOfDagon: naa
  1831 | D:6      | 4thArraOfDagon: with chei you can controll the battlefield
  1831 | D:6      | 4thArraOfDagon: as you want
  1850 | D:6      | Kolbur: luckily i didn't wake up one pack of golden eyes next to stairs
  1917 | D:5      | Kolbur: well golden eyes can easily keep you in confusion lock and you can't do a thing about that
  1938 | D:5      | Noticed Pikel
  1938 | D:5      | Noticed a slave
  1938 | D:5      | Noticed a slave
  1938 | D:5      | Noticed a slave
  1938 | D:5      | Noticed a slave
  2005 | D:5      | Found an oddly glowing altar of Pakellas.
  2038 | D:6      | Noticed a yak
  2150 | D:7      | Kolbur: would you buy cloak of the thief if you already have cloak of star light?
  2161 | D:7      | Learned a level 4 spell: Passage of Golubria
  2196 | D:7      | Found a staircase to the Ecumenical Temple.
  2278 | D:7      | RIP
  2299 | D:7      | Slain by a killer bee

Vault maps used:
D:1:      dpeg_arrival_rooms_a
D:2:      nicolae_overflow_crystal_walls, grunt_gozag_breadcrumbs
D:3:      nemelex_xobeh_ov_fountains_minmay, grunt_dithmenos_smoke_and_mirrors,
          first_bread, kennysheep_pointless_box
D:4:      overflow_temple_1_default, kennysheep_mini_moat, serial_shops,
          nicolae_shop_behind_doors
D:5:      cheibrodos_ashenzari_chains, grunt_pakellas_sulfur, uniq_pikel
D:7:      minmay_temple_entry_water_ring, serial_shops, shop

Action                   |  1- 3 |  4- 6 || total
-------------------------+-------+-------++-------
Melee: Falchion          |    48 |    53 ||   101
       Dagger            |    28 |       ||    28
       Long sword        |    11 |       ||    11
Throw: Tomahawk          |     1 |     4 ||     5
  Use: Scroll            |       |     4 ||     4
       Potion            |       |     2 ||     2
 Stab: Distracted        |     1 |       ||     1
  Eat: Beef jerky        |       |     2 ||     2
